AoeStats
← Franto_36

Arena

508728385Analyzed
1v1 RM · 9d ago on Sep 23, 2026· 61m 28s· 2 players
Game mode
Random Map
Map size
Tiny (2 player)
Population
200
Speed
Normal
Resources
Standard
Victory
Conquest
Starting age
Dark Age
Ending age
Imperial Age
RankedLock teamsTeams togetherTeam positionsShared explorationLock speedFull tech treeHidden civsTurbo modeCheats
Victory
Defeat
🇸🇰 Armenians · Slovakia
833
+14
🇹🇷 Turks · Türkiye
783
-14
Franto_36
6:43 Loom
9:22 Feudal Age
9:57 Double-Bit Axe
13:33 Horse Collar
15:21 Wheelbarrow
18:09 Castle Age
17:24 Gold Mining
17:50 Town Watch
17:59 Town Watch
18:06 Town Watch
19:25 Bow Saw
20:49 Heavy Plow
21:13 Fervor
21:24 Sanctity
21:48 Town Patrol
23:11 Hand Cart
29:37 Gold Shaft Mining
28:52 Stone Mining
33:35 Imperial Age
31:05 Arson
31:23 Squires
34:57 Treadmill Crane
35:12 Murder Holes
35:29 Masonry
36:20 Chemistry
35:40 Ballistics
35:43 Capped Ram
37:26 Forging
37:16 Scale Mail Armor
37:06 Fletching
37:18 Padded Archer Armor
37:32 Guilds
36:44 Man-at-Arms
37:10 Gambesons
38:50 Iron Casting
38:52 Conscription
37:53 Elite Composite Bowman
38:03 Long Swordsman
38:29 Pikeman
39:49 Two-Handed Swordsman
39:49 Halberdier
40:51 Chain Mail Armor
40:31 Bodkin Arrow
41:37 Fortified Wall
41:29 Bodkin Arrow
43:13 Hoardings
42:54 Fereters
44:14 Siege Ram
45:20 Champion
62:25 Blast Furnace
61:55 Plate Mail Armor
61:26 Bracer
61:42 Leather Archer Armor
Sarısaltuk
5:48 Loom
11:10 Feudal Age
21:01 Castle Age
23:34 Horse Collar
23:46 Double-Bit Axe
29:13 Murder Holes
31:11 Scale Barding Armor
35:51 Imperial Age
34:23 Ballistics
33:44 Treadmill Crane
34:47 Fortified Wall
34:59 Heavy Plow
35:11 Bow Saw
35:24 Bloodlines
35:14 Husbandry
35:57 Wheelbarrow
35:08 Town Watch
36:05 Scale Barding Armor
36:13 Forging
35:55 Fletching
36:05 Padded Archer Armor
37:21 Hand Cart
37:07 Town Patrol
37:03 Guard Tower
37:24 Masonry
38:46 Elite Janissary
40:02 Hoardings
39:39 Scale Mail Armor
39:54 Arrowslits
40:59 Sappers
44:49 Chain Barding Armor
47:15 Two-Man Saw
46:37 Chain Mail Armor
46:37 Leather Archer Armor
50:03 Heated Shot
50:43 Architecture
Connection lost

Rejoining the realm…

Still unreachable

The connection could not be restored.

Session expired

The server has moved on; the page needs a fresh start.